 Dungeon Crawl Stone Soup version 0.30.1-11-g7821555f0a (webtiles) character file.

Game seed: 15115986215351934276

1141 porpoise the Skirmisher (level 8, -1/58 (71) HPs)
             Began as a Minotaur Hunter on Jan 11, 2024.
             Slain by a wight
             ... wielding a +5 trident
              (7 damage)
             ... on level 6 of the Dungeon.
             The game lasted 00:15:02 (5655 turns).

porpoise the Skirmisher (Minotaur Hunter)           Turns: 5655, Time: 00:15:02

HP:   -1/58 (71)    AC:  5    Str: 16    XL:     8   Next: 14%
MP:   7/7           EV: 12    Int:  6    God:
Gold: 268           SH:  0    Dex: 16    Spells: 7/7 levels left

rFire   . . .        a - +1 shortbow
rCold   + . .        (shield currently unavailable)
rNeg    . . .        r - +2 leather armour {rC+}
rPois   .            (helmet restricted)
rElec   .            (no cloak)
rCorr   .            (no gloves)
SInv    .            (no boots)
Will    .....        (no amulet)
Stlth   +            h - ring of flight
HPRegen 0.29/turn    (no ring)
MPRegen 0.10/turn

%: no passive effects
@: flying, heavily drained
A: horns 2, retaliatory headbutt
a: no special abilities


You were on level 6 of the Dungeon.
You visited 1 branch of the dungeon, and saw 6 of its levels.

You collected 301 gold pieces.
You spent 33 gold pieces at shops.

Inventory:

Hand Weapons
 a - a +1 shortbow (weapon)
 b - a +0 war axe
 y - a +4 flail
Missiles
 e - 11 poisoned darts
 j - 2 throwing nets
 n - 5 silver javelins
Armour
 g - a +0 ring mail
 r - a +2 leather armour of cold resistance (worn)
Jewellery
 h - a ring of flight (left hand)
Wands
 o - a wand of polymorph (1)
 q - a wand of acid (4)
 s - a wand of iceblast (22)
Scrolls
 c - a scroll of butterflies {unknown}
 d - 2 scrolls of enchant weapon
 i - 3 scrolls of identify
 p - a scroll of immolation
 t - 2 scrolls of teleportation {unknown}
 u - a scroll of acquirement {unknown}
 x - a scroll of silence {unknown}
Potions
 f - a potion of lignification
 k - a potion of mutation
 l - a potion of might
 m - a potion of curing
 v - a potion of attraction
 w - a potion of heal wounds


   Skills:
 + Level 6.4 Fighting
 * Level 8.9 Ranged Weapons
 - Level 5.0 Armour
 - Level 2.1 Dodging
 - Level 0.7 Stealth


You had 7 spell levels left.
You didn't know any spells.
Your spell library contained the following spells:

 Spells                   Type           Power      Damage    Failure   Level
 Ensorcelled Hibernation  Hex/Ice        0%         N/A       65%         2
 Passwall                 Tmut/Erth      0%         N/A       65%         2
 Scorch                   Fire           0%         2d5       65%         2
 Swiftness                Air            0%         N/A       87%         3
 Flame Wave               Conj/Fire      0%         2d4       99%         4
 Summon Cactus Giant      Summ           0%         N/A       100%        6


Dungeon Overview and Level Annotations

Branches:
Dungeon (6/15)
 Temple: D:4-7

Altars:
Ashenzari
Cheibriados
Fedhas
Gozag
Kikubaaqudgha
Makhleb
Okawaru
Ru
Sif Muna
Vehumet
Wu Jian
Xom
Zin
The Shining One

Shops:
D:3 ?:(!   D:4 (   D:5 *


Innate Abilities, Weirdness & Mutations

You have a pair of horns on your head.
You reflexively headbutt those who attack you in melee.


Message History

The wight is lightly damaged.
The wight hits you from afar with a +5 trident.
You shoot an arrow. The arrow closely misses the wight.
The wight hits you from afar with a +5 trident!
You shoot an arrow. The arrow hits the wight.
The wight is lightly damaged.
The wight hits you from afar with a +5 trident.
You shoot an arrow. The arrow hits the wight!
The wight is severely damaged.
The wight hits you from afar with a +5 trident!
You feel drained.
You shoot an arrow.
The arrow hits the wight but does no damage.
The wight is severely damaged.
The wight closely misses you.
You shoot an arrow. The arrow closely misses the wight.
The wight barely misses you.
You shoot an arrow. The arrow barely misses the wight.
The wight hits you from afar with a +5 trident.
You feel drained.
You are too injured to fight recklessly!
You are too injured to fight recklessly!
Unknown command.
Fire: a) +1 shortbow
Press: ? - help, Q - select action, (/) - cycle Shift-Dir - straight line, f/p - wight
Aim: a wight, wielding a +5 trident and wearing a +0 robe (severely damaged, 68% to hit)
You shoot an arrow.
The arrow hits the wight but does no damage.
The wight is severely damaged.
The wight hits you from afar with a +5 trident!
Fire: a) +1 shortbow
Press: ? - help, Q - select action, (/) - cycle Shift-Dir - straight line, f/p - wight
Aim: a wight, wielding a +5 trident and wearing a +0 robe (severely damaged, 68% to hit)
You shoot an arrow.
The arrow hits the wight but does no damage.
The wight is severely damaged.
The wight hits you from afar with a +5 trident!
* * * LOW HITPOINT WARNING * * *
The wight hits you from afar with a +5 trident!
You die... ##### #@..# ###z# .. .# #

You could see a wight.

Vanquished Creatures
  3 ogres
  A phantom (D:5)
  A scorpion (D:5)
  3 wights
  2 howler monkeys
  An orc priest (D:3)
  3 hounds
  An iguana (D:5)
  3 orc wizards
  Natasha (twice) (D:2)
  Robin (D:3)
  7 adders
  3 gnolls (D:2)
  2 white imps
  An adder zombie (D:2)
  An adder skeleton (D:2)
  The ghost of RancidPinata the Sneak, a weakling OpDe (D:4)
  4 dart slugs
  15 orcs
  10 ball pythons
  8 bats
  A bat skeleton (D:2)
  13 endoplasms
  3 giant cockroaches
  13 goblins
  8 hobgoblins
  3 jackals (D:4)
  7 kobolds
  3 quokkas
  A ball python skeleton (D:2)
  3 frilled lizards
  5 rats
133 creatures vanquished.

Notes
Turn   | Place    | Note
-------+----------+-------------------------------------------
     0 | D:1      | porpoise the Minotaur Hunter began the quest for the Orb.
     0 | D:1      | Reached XP level 1. HP: 18/18 MP: 0/0
   367 | D:1      | Reached XP level 2. HP: 25/25 MP: 1/1
   413 | D:1      | Reached skill level 1 in Armour
   509 | D:1      | Reached skill level 5 in Ranged Weapons
   524 | D:1      | Reached XP level 3. HP: 30/31 MP: 2/2
   554 | D:1      | Found a faded altar of an unknown god.
  1285 | D:2      | Reached XP level 4. HP: 30/38 MP: 3/3
  1534 | D:2      | Noticed Natasha
  1546 | D:2      | Killed Natasha
  1720 | D:2      | Reached XP level 5. HP: 46/46 MP: 4/4
  1771 | D:3      | Noticed Robin
  1778 | D:2      | Noticed Natasha
  1809 | D:2      | Killed Natasha
  1810 | D:2      | Reached skill level 6 in Ranged Weapons
  2329 | D:3      | Found a blossoming altar of Fedhas.
  2350 | D:3      | Found Ruud's Distillery.
  2360 | D:3      | Bought a potion of curing for 33 gold pieces
  2370 | D:3      | Found Gemuups's Antique Weapon Shop.
  2464 | D:3      | Found Xyt Xynk's Magic Scroll Shop.
  2484 | D:3      | Found an opulent altar of Gozag.
  2484 | D:3      | Found a radiant altar of Vehumet.
  2484 | D:3      | Found an ancient bone altar of Kikubaaqudgha.
  2490 | D:3      | Found a sacrificial altar of Ru.
  2491 | D:3      | Found an ornate altar of the Wu Jian Council.
  2562 | D:3      | Found a glowing golden altar of the Shining One.
  2563 | D:3      | Found an iron altar of Okawaru.
  2565 | D:3      | Found a glowing silver altar of Zin.
  2569 | D:3      | Found a shimmering blue altar of Sif Muna.
  2570 | D:3      | Found a burning altar of Makhleb.
  2621 | D:3      | Found Vireike's Book Boutique.
  2661 | D:3      | Killed Robin
  2713 | D:3      | Noticed Ijyb
  2719 | D:3      | Ijyb changed into Ijyb the howler monkey
  2719 | D:3      | Noticed Ijyb
  2726 | D:3      | Killed Ijyb the howler monkey
  2727 | D:3      | Reached XP level 6. HP: 9/53 MP: 5/5
  2943 | D:3      | Found a snail-covered altar of Cheibriados.
  3370 | D:4      | Found a runed translucent gate.
  3371 | D:4      | Found a runed translucent gate.
  3373 | D:4      | Found a runed translucent gate.
  3373 | D:4      | Noticed RancidPinata's ghost (weakling OpDe)
  3611 | D:4      | Found Qehac's Weapon Shoppe.
  3618 | D:4      | Reached skill level 7 in Ranged Weapons
  3884 | D:4      | Found a broken altar of Ashenzari.
  4051 | D:4      | Reached XP level 7. HP: 56/60 MP: 6/6
  4254 | D:4      | Killed RancidPinata's ghost
  4295 | D:5      | Entered Level 5 of the Dungeon
  4320 | D:5      | Reached skill level 5 in Fighting
  4442 | D:5      | Found Upoerucs's General Store.
  4811 | D:5      | Reached skill level 8 in Ranged Weapons
  4837 | D:5      | Found a shimmering altar of Xom.
  4853 | D:5      | Reached skill level 5 in Armour
  5363 | D:6      | Reached XP level 8. HP: 67/70 MP: 7/7
  5655 | D:6      | Slain by a wight

Illustrated notes

Levels and vault maps discovered:
D:1:      spicycebolla_green_bress_n_ham_2, layout_loops_ring,
          basic_ecumenical_altar
D:2:      minmay_alternating_diamond, layout_loops_ring, serial_undead,
          serial_undead_e, serial_undead_c, serial_undead_f, serial_undead_e,
          uniq_natasha
D:3:      layout_basic, mainiacjoe_overflow_catwalk,
          nicolae_overflow_hallway_of_the_gods, cheibrodos_worm_habitat,
          serial_shops, shop, nicolae_lakefront_shop, nicolae_square_shop,
          nicolae_shop_advertising_works [nicolae_subvault_shop_adworks],
          uniq_robin, uniq_ijyb
D:4:      minmay_wonky_spiral, layout_loops_cross, cheibrodos_ashenzari_chains,
          serial_shops, nicolae_diamond_shop, ebering_ghost_rock_garden
D:5:      layout_basic, mainiacjoe_overflow_24_doors, serial_shops, shop
D:6:      layout_basic, hex_medium

Skill      XL: |  1  2  3  4  5  6  7 |
---------------+----------------------+-----
Armour         | 1 2 3 4 5 |  5.0
Fighting       | 3 4 6 |  6.4
Ranged Weapons | 5 6 7 8 |  8.9
Dodging        | |  2.1
Stealth        | |  0.7

Action                     |  1- 3 |  4- 6 |  7- 9 || total
---------------------------+-------+-------+-------++-------
  Melee: Unarmed           |       |     7 |       ||     7
   Fire: Shortbow          |   110 |   183 |   111 ||   404
  Evoke: Wand              |       |     1 |       ||     1
    Use: Scroll            |     2 |     2 |     3 ||     7
 Armour: Ring mail         |     6 |    22 |       ||    28
         Skin              |       |     2 |       ||     2
         Leather armour    |       |     5 |    15 ||    20
  Dodge: Dodged            |    12 |    72 |    33 ||   117
